[Event "Titled Tuesday Blitz April 12 Late 2022"]
[White "Rytenko, Vsevolod"]
[Black "Renjith, Sravan"]
[WhiteFideId "14133040"]
[BlackFideId "4306783"]
[WhiteElo "2120"]
[BlackElo "1863"]
[Result "0-1"]
[Round "07"]
[TimeControl "180+1"]
[Date "2022.04.13"]
[WhiteClock "0:00:12"]
[BlackClock "0:00:08"]

1. e4 e5 2. Nf3 Nc6 3. Bb5 Nf6 4. O-O Nxe4 5. Re1 Nd6 6. a4 Be7 7. Nc3 O-O 8. Nxe5 Nxe5 9. Rxe5 Bf6 10. Re1 Nxb5 11. axb5 d5 12. d4 Bf5 13. Bf4 c6 14. Be5 Re8 15. bxc6 bxc6 16. Bxf6 Qxf6 17. Rxe8+ Rxe8 18. h3 Qg6 19. Qf3 Bxc2 20. Rxa7 h6 21. Ne2 Bd1 22. Nf4 Qb1 23. Qg3 Qxb2 24. Rc7 Qxd4 25. Rxc6 Re4 26. Nd3 Be2 27. Rc8+ Kh7 28. Nc5 Re7 29. Qb8 Qa1+ 30. Kh2 Qe5+ 31. Qxe5 Rxe5 32. Nd7 Rf5 33. Nf8+ Kg8 34. f3 g5 35. Ng6+ Kg7 36. Ne7 Re5 37. Rg8+ Kf6 38. Nc8 d4 39. Nd6 d3 40. Ne4+ Rxe4 41. fxe4 d2 42. e5+ Ke6 43. Re8+ Kf5 44. e6 fxe6 45. Rf8+ Ke5 46. Rh8 d1=Q 47. Rxh6 Qd2 48. Rg6 Qf4+ 49. Kg1 Qf1+ 50. Kh2 Kd6 51. Rxg5 Qf4+ 52. Rg3 e5 53. h4 Bg4 54. h5 Bxh5 55. Kh3 Qf5+ 56. Kh4 Qf4+ 57. Kh3 Bf7 58. Rd3+ Bd5 59. Rf3 Bxf3 60. g3 Qg4+ 61. Kh2 Qh5+ 62. Kg1 Qh1+ 63. Kf2 Qg2+ 64. Ke3 Qe2# 0-1


[Site "https://www.chess.com"]

[Event "Titled Tuesday Blitz April 12 Late 2022"]
[White "Sadilek, Peter"]
[Black "Maksimovic, Bojan"]
[WhiteFideId "1616439"]
[BlackFideId "14408120"]
[WhiteElo "2145"]
[BlackElo "2448"]
[Result "0-1"]
[Round "07"]
[TimeControl "180+1"]
[Date "2022.04.12"]
[WhiteClock "0:00:01"]
[BlackClock "0:00:31"]

1. d4 g6 2. e4 Bg7 3. Nc3 d5 4. exd5 Nf6 5. Bc4 Nbd7 6. Nf3 Nb6 7. Bb3 Nbxd5 8. Nxd5 Nxd5 9. O-O O-O 10. h3 c6 11. Re1 h6 12. c3 a5 13. Ne5 Bf5 14. a4 Qd6 15. Qf3 Rad8 16. Nc4 Qc7 17. Ne3 Nxe3 18. Bxe3 Kh7 19. Bf4 Qd7 20. Rad1 g5 21. Be5 e6 22. Bxg7 Kxg7 23. Re5 b6 24. g4 Bg6 25. Qe3 Qd6 26. Re1 c5 27. dxc5 bxc5 28. Rd1 Qb6 29. Rxd8 Rxd8 30. c4 Rd3 31. Qxc5 Qxc5 32. Rxc5 Rxb3 33. Rxa5 Rxb2 34. Rb5 Ra2 35. a5 Bd3 36. Rc5 Ra4 37. Kg2 Bxc4 0-1


[Site "https://www.chess.com"]

[Event "Titled Tuesday Blitz April 12 Late 2022"]
[White "Sailer, Mike"]
[Black "Papp, Petra"]
[WhiteFideId "2012901"]
[BlackFideId "739049"]
[WhiteElo "2109"]
[BlackElo "2259"]
[Result "0-1"]
[Round "07"]
[TimeControl "180+1"]
[Date "2022.04.13"]
[WhiteClock "0:00:01"]
[BlackClock "0:00:48"]

1. d4 Nf6 2. Nf3 c5 3. c3 d5 4. Bf4 g6 5. e3 Bg7 6. Be2 O-O 7. O-O Nc6 8. Nbd2 Nd7 9. h3 e5 10. dxe5 Ndxe5 11. Nxe5 Nxe5 12. Nf3 Nc6 13. Qc1 Qe7 14. Rd1 Rd8 15. Bb5 Bf5 16. Bxc6 bxc6 17. Bg5 f6 18. Bf4 a5 19. c4 g5 20. Bg3 h5 21. Nd2 h4 22. Bh2 g4 23. hxg4 Bxg4 24. Re1 h3 25. cxd5 cxd5 26. e4 dxe4 27. Nxe4 hxg2 28. Nxc5 Qf7 29. Qf4 f5 30. Ne6 Re8 31. Nxg7 Qxg7 32. Qc4+ Kh7 33. Be5 Rxe5 34. Rxe5 Qxe5 35. Kxg2 Qe4+ 36. Qxe4 fxe4 37. Kg3 Bf3 38. Rc1 Kg6 39. Kf4 Ra6 40. b3 Kf6 41. a3 Rb6 42. Rc3 Ke6 43. Ke3 Kd5 44. Rc1 Rxb3+ 0-1


[Site "https://www.chess.com"]

[Event "Titled Tuesday Blitz April 12 Late 2022"]
[White "Sellitti, Federico"]
[Black "Grave, Jacob Templen"]
[WhiteFideId "821829"]
[BlackFideId "1542656"]
[WhiteElo "2528"]
[BlackElo "1737"]
[Result "1-0"]
[Round "07"]
[TimeControl "180+1"]
[Date "2022.04.13"]
[WhiteClock "0:01:35"]
[BlackClock "0:00:59"]

1. e4 e5 2. Nc3 Nf6 3. f4 d5 4. fxe5 Nxe4 5. Qf3 Nc6 6. Bb5 Nxc3 7. dxc3 Qh4+ 8. g3 Qe4+ 9. Qxe4 dxe4 10. Ne2 Bd7 11. Bxc6 Bxc6 12. Nd4 O-O-O 13. Nxc6 bxc6 14. Bf4 Be7 15. h4 h6 16. Ke2 g5 17. hxg5 hxg5 18. Be3 Kb7 19. Raf1 Rxh1 20. Rxh1 Rd5 21. Rh7 Rxe5 22. Rxf7 Bd6 23. g4 Ra5 24. a3 Rb5 25. b4 a5 26. Bd4 axb4 27. cxb4 Bf4 28. c4 Rb6 29. Bxb6 Kxb6 30. Rxf4 gxf4 31. g5 1-0


[Site "https://www.chess.com"]

[Event "Titled Tuesday Blitz April 12 Late 2022"]
[White "Sernecki, Franciszek"]
[Black "Mikhailov, Viacheslav"]
[WhiteFideId "1169297"]
[BlackFideId "4187369"]
[WhiteElo "2165"]
[BlackElo "2381"]
[Result "1-0"]
[Round "07"]
[TimeControl "180+1"]
[Date "2022.04.12"]
[WhiteClock "0:00:01"]
[BlackClock "0:00:02"]

1. d4 Nf6 2. c4 g6 3. Nc3 Bg7 4. e4 O-O 5. Bg5 d6 6. Qd2 Nc6 7. d5 Ne5 8. Be2 c6 9. h4 cxd5 10. cxd5 Bd7 11. h5 Qb6 12. Nh3 Rfc8 13. hxg6 fxg6 14. Nf4 Nc4 15. Bxc4 Rxc4 16. f3 Rac8 17. Nfe2 Bb5 18. Be3 Qa6 19. Nd4 Bd7 20. O-O Nh5 21. Rfd1 Nf4 22. Rac1 Bxd4 23. Bxd4 Rxd4 24. Qxf4 Rxd1+ 25. Rxd1 Qb6+ 26. Kh2 Qxb2 27. Nb1 Rc2 28. Qg5 Kf7 29. f4 h6 30. Qg3 Rc1 31. Rxc1 Qxc1 32. Nc3 b5 33. e5 Bf5 34. Nxb5 Qc5 35. Nc3 Qd4 36. e6+ Kg7 37. Qf3 h5 38. Kg3 Qf6 39. Qe3 h4+ 40. Kh2 Kh7 41. Qxa7 1-0


[Site "https://www.chess.com"]

[Event "Titled Tuesday Blitz April 12 Late 2022"]
[White "Sheng, Joshua"]
[Black "Shuvalova, Polina"]
[WhiteFideId "2057360"]
[BlackFideId "24171760"]
[WhiteElo "2142"]
[BlackElo "2355"]
[Result "0-1"]
[Round "07"]
[TimeControl "180+1"]
[Date "2022.04.12"]
[WhiteClock "0:00:11"]
[BlackClock "0:00:04"]

1. e4 c5 2. Nf3 d6 3. d4 cxd4 4. Nxd4 Nf6 5. Nc3 Nc6 6. Bg5 Bd7 7. Qd2 Rc8 8. f4 Nxd4 9. Qxd4 Qa5 10. e5 dxe5 11. fxe5 e6 12. O-O-O Bc6 13. Bc4 Nd7 14. Rhe1 Bc5 15. Qg4 h5 16. Qf4 Bb4 17. Rd3 b5 18. Bb3 Nc5 19. Rg3 Nxb3+ 20. cxb3 Bd5 21. Kb1 Bxc3 22. bxc3 Rxc3 23. Qd2 b4 24. Rc1 Be4+ 25. Kb2 Qa3+ 26. Ka1 Rxc1+ 27. Qxc1 Qxc1+ 28. Bxc1 O-O 29. Bd2 a5 30. a3 Rd8 31. Bh6 Bg6 32. Bg5 Rd1+ 33. Kb2 bxa3+ 34. Kxa3 Ra1+ 35. Kb2 Re1 36. Re3 Rg1 37. Re2 Bd3 38. Rd2 Be4 39. g3 Bd5 40. Bd8 Re1 41. Bxa5 Rxe5 42. Bc3 Re3 43. b4 f6 44. b5 Re4 45. Bd4 e5 46. Bc5 Bb7 47. Rd7 Rc4 48. Ba3 Bf3 49. b6 Rc8 50. Bd6 Bc6 51. Re7 Rd8 52. Bc7 Rd5 53. Kc3 Rb5 54. Kc4 Rb1 55. Kc5 Bf3 56. Bd8 Kh7 57. Rc7 Kg6 58. Be7 e4 59. Bf8 e3 60. Rxg7+ Kf5 61. Re7 e2 62. b7 Rxb7 63. Re3 Rb1 64. Rxf3+ Kg4 65. Rf4+ Kh3 66. Re4 e1=Q 67. Rh4+ Kg2 68. Bd6 Qc3+ 69. Kd5 Rd1+ 70. Ke6 Qe3+ 71. Kxf6 Rxd6+ 72. Kf5 Qf3+ 73. Ke5 Qf6+ 74. Ke4 Rd4+ 75. Ke3 Qf2# 0-1


[Site "https://www.chess.com"]

[Event "Titled Tuesday Blitz April 12 Late 2022"]
[White "Shimanov, Aleksandr"]
[Black "Janaszak, Dawid"]
[WhiteFideId "4198603"]
[BlackFideId "1119206"]
[WhiteElo "2636"]
[BlackElo "2199"]
[Result "1-0"]
[Round "07"]
[TimeControl "180+1"]
[Date "2022.04.12"]
[WhiteClock "0:00:06"]
[BlackClock "0:00:04"]

1. d4 Nf6 2. Nc3 d5 3. Bf4 a6 4. e3 c5 5. dxc5 Qa5 6. Qd2 Nc6 7. O-O-O e5 8. Bg5 d4 9. exd4 exd4 10. Bxf6 gxf6 11. Qe1+ Be6 12. Nd5 Qxa2 13. Nxf6+ Ke7 14. Nh5 Qa1+ 15. Kd2 Qxb2 16. Bd3 Bh6+ 17. f4 Rhg8 18. Qh4+ Kf8 19. Ng3 Bg7 20. Nf3 Qc3+ 21. Ke2 Qxc5 22. Kf2 Nb4 23. Ne4 Qe7 24. Nfg5 Nxd3+ 25. cxd3 h6 26. Nh7+ Ke8 27. Nhf6+ Kf8 28. g3 Bxf6 29. Nxf6 Rg6 30. Nh7+ Ke8 31. Qh5 Bg4 32. Nf6+ Qxf6 33. Rde1+ Kf8 34. Qc5+ Kg7 35. Re5 Qc6 36. Qxd4 Qg2+ 37. Kxg2 f6 38. Re7+ Kf8 39. Rhe1 1-0


[Site "https://www.chess.com"]

[Event "Titled Tuesday Blitz April 12 Late 2022"]
[White "Sochacki, Christophe"]
[Black "Sarana, Alexey"]
[WhiteFideId "662569"]
[BlackFideId "24133795"]
[WhiteElo "2480"]
[BlackElo "2666"]
[Result "0-1"]
[Round "07"]
[TimeControl "180+1"]
[Date "2022.04.12"]
[WhiteClock "0:00:09"]
[BlackClock "0:01:03"]

1. Nf3 d5 2. b3 Nf6 3. Bb2 Bf5 4. g3 e6 5. Bg2 h6 6. O-O Bc5 7. d3 O-O 8. Nbd2 a5 9. a3 Bh7 10. c4 c6 11. cxd5 cxd5 12. Rc1 Nbd7 13. Ne5 Qe7 14. Nxd7 Nxd7 15. Ra1 Rfc8 16. Nf3 b5 17. Qd2 b4 18. axb4 Bxb4 19. Qf4 Nc5 20. Rab1 f6 21. Qh4 Rab8 22. Nd4 Qf7 23. Rfc1 e5 24. Nc2 Bd2 25. Rd1 Nxb3 26. Ne3 Bxe3 27. fxe3 Kh8 28. e4 d4 29. Bh3 Rc2 30. Ba3 a4 31. Qg4 h5 32. Qf3 g5 33. Bf5 g4 34. Qf2 Bg6 35. Kf1 Kg7 36. Kg2 Rb6 37. Rf1 Ra2 38. Bc5 Rc6 39. Be7 Qxe7 40. Bxg6 Kxg6 41. Qf5+ Kh6 42. h4 Rxe2+ 43. Kh1 Rcc2 44. Rfe1 Rh2+ 45. Kg1 Rcg2+ 46. Kf1 Nd2# 0-1


[Site "https://www.chess.com"]

[Event "Titled Tuesday Blitz April 12 Late 2022"]
[White "Song, Michael"]
[Black "Xu, Yi"]
[WhiteFideId "2613190"]
[BlackFideId "8605564"]
[WhiteElo "2274"]
[BlackElo "2471"]
[Result "0-1"]
[Round "07"]
[TimeControl "180+1"]
[Date "2022.04.12"]
[WhiteClock "0:00:17"]
[BlackClock "0:00:46"]

1. e4 c5 2. Nc3 d6 3. f4 g6 4. Bc4 Bg7 5. d3 e6 6. Nf3 Nf6 7. e5 dxe5 8. fxe5 Nfd7 9. Bf4 Nc6 10. Qe2 O-O 11. O-O a6 12. a4 b6 13. Rae1 Bb7 14. Qf2 Ne7 15. Ne4 Bxe4 16. Rxe4 Qc8 17. Bg5 Nc6 18. Qh4 Ncxe5 19. Nxe5 Nxe5 20. Bf6 Nxc4 21. Rxc4 Bxf6 22. Qxf6 Qd8 23. Qe5 Rc8 24. b3 Qd5 25. Qf6 b5 26. axb5 axb5 27. Rh4 Qd8 28. Qf4 Qd4+ 29. Qxd4 cxd4 30. Rxd4 Rxc2 31. Rb4 Ra8 32. Rxb5 Raa2 33. Rg5 Rab2 34. Rd1 Rxb3 35. d4 Rbb2 36. d5 exd5 37. h3 Rd2 0-1


[Site "https://www.chess.com"]

[Event "Titled Tuesday Blitz April 12 Late 2022"]
[White "Soysal, Serkan"]
[Black "Ansh M Shah"]
[WhiteFideId "6349250"]
[BlackFideId "25033379"]
[WhiteElo "2576"]
[BlackElo "2380"]
[Result "1-0"]
[Round "07"]
[TimeControl "180+1"]
[Date "2022.04.13"]
[WhiteClock "0:00:13"]
[BlackClock "0:00:14"]

1. d4 Nf6 2. c4 e6 3. Nf3 d5 4. g3 Be7 5. Bg2 O-O 6. O-O dxc4 7. Qc2 Bd7 8. Ne5 Bc6 9. Nxc6 Nxc6 10. e3 Na5 11. Bd2 c5 12. dxc5 Bxc5 13. Bxa5 Qxa5 14. Qxc4 Rac8 15. Qb3 b6 16. Nc3 Rfd8 17. a3 g6 18. Bf3 Bf8 19. Kg2 Nd7 20. Qb5 Qxb5 21. Nxb5 Ne5 22. Nxa7 Rc2 23. b4 Rdd2 24. Be4 Ra2 25. Nc6 Nxc6 26. Bxc6 Rxf2+ 27. Rxf2 Rxa1 28. Be8 f5 29. Bd7 Kf7 30. Rc2 Rxa3 31. Rc6 Bxb4 32. Bxe6+ Ke7 33. Rxb6 Bc5 34. Rc6 Bxe3 35. Bg8 h5 36. Rxg6 Ra2+ 37. Bxa2 1-0


[Site "https://www.chess.com"]

[Event "Titled Tuesday Blitz April 12 Late 2022"]
[White "Stanisz, Patryk"]
[Black "Prado, Alexandra"]
[WhiteFideId "1123106"]
[BlackFideId "3301346"]
[WhiteElo "1833"]
[BlackElo "1678"]
[Result "1-0"]
[Round "07"]
[TimeControl "180+1"]
[Date "2022.04.13"]
[WhiteClock "0:00:27"]
[BlackClock "0:01:06"]

1. Nf3 Nf6 2. g3 g6 3. Bg2 Bg7 4. O-O O-O 5. c4 d6 6. d3 e5 7. Nc3 Nbd7 8. Rb1 a5 9. a3 c6 10. b4 axb4 11. axb4 d5 12. cxd5 cxd5 13. Nd2 Nb6 14. Nb3 Re8 15. Nc5 Qe7 16. Bg5 Rd8 17. Ra1 Rxa1 18. Qxa1 h6 19. Bd2 d4 20. N3e4 Nxe4 21. Bxe4 Nd5 22. Bxd5 Rxd5 23. Qa8 Rd8 24. Rc1 Bg4 25. Qxb7 Qxb7 26. Nxb7 Rb8 27. Nc5 Bxe2 28. Re1 Bf3 29. Ra1 Bf8 30. Nd7 Re8 31. Nf6+ Kh8 32. Nxe8 1-0


[Site "https://www.chess.com"]

[Event "Titled Tuesday Blitz April 12 Late 2022"]
[White "Stelmaszyk, Nico"]
[Black "Petrova, Irina"]
[WhiteFideId "16200462"]
[BlackFideId "14124122"]
[WhiteElo "2119"]
[BlackElo "1993"]
[Result "0-1"]
[Round "07"]
[TimeControl "180+1"]
[Date "2022.04.13"]
[WhiteClock "0:01:04"]
[BlackClock "0:00:49"]

1. e4 d6 2. d4 Nf6 3. Bd3 e5 4. c3 d5 5. dxe5 Nxe4 6. Bxe4 dxe4 7. Qxd8+ Kxd8 8. Bg5+ Be7 9. Bxe7+ Kxe7 10. Nd2 Bf5 11. Ne2 Nc6 12. Nd4 Nxd4 13. cxd4 Rad8 14. Nb3 Be6 15. O-O-O Bxb3 16. axb3 f5 17. Rhe1 Rd5 18. Kc2 c5 19. f3 exf3 20. gxf3 cxd4 21. f4 Rc8+ 22. Kb1 d3 23. Re3 Rc2 24. Rexd3 Rxd3 25. Rxd3 Rxh2 26. Rd4 h5 27. Rc4 Rd2 28. Kc1 Rd7 29. Rc3 g6 30. Rg3 Kf7 31. e6+ Kxe6 32. Rxg6+ Kd5 33. Rh6 Ke4 34. Rxh5 Kxf4 35. Rh1 Ke5 36. Re1+ Kf6 37. Rf1 Rd4 38. Kc2 f4 39. Kc3 Ke5 40. Rh1 Rd7 41. Rh8 f3 42. Rf8 Ke4 43. b4 Ke3 44. Re8+ Kf2 45. Kc4 Kg2 46. Rg8+ Kf1 47. b3 f2 48. Rf8 Re7 49. b5 Ke2 0-1


[Site "https://www.chess.com"]

[Event "Titled Tuesday Blitz April 12 Late 2022"]
[White "Svane, Frederik"]
[Black "Cabarkapa, Novak"]
[WhiteFideId "12923044"]
[BlackFideId "943746"]
[WhiteElo "2459"]
[BlackElo "2443"]
[Result "1-0"]
[Round "07"]
[TimeControl "180+1"]
[Date "2022.04.12"]
[WhiteClock "0:00:57"]
[BlackClock "0:00:05"]

1. e4 e6 2. d4 d5 3. Nd2 c5 4. exd5 Qxd5 5. Ngf3 cxd4 6. Bc4 Qd7 7. O-O Nc6 8. Nb3 a6 9. Nbxd4 Nxd4 10. Nxd4 Qc7 11. Bd3 Bd6 12. Re1 Ne7 13. Qh5 e5 14. Nf3 g6 15. Qh4 Bf5 16. Bxf5 Nxf5 17. Qf6 O-O 18. g4 Be7 19. Qxe5 Bd6 20. Qf6 Qc6 21. Ne5 Qc7 22. Nf3 Qc6 23. Kg2 Ng7 24. Bh6 1-0


[Site "https://www.chess.com"]

[Event "Titled Tuesday Blitz April 12 Late 2022"]
[White "Swicarz, Maciej"]
[Black "Tillyaev, Ulugbek"]
[WhiteFideId "1113585"]
[BlackFideId "14202441"]
[WhiteElo "2502"]
[BlackElo "2643"]
[Result "1/2-1/2"]
[Round "07"]
[TimeControl "180+1"]
[Date "2022.04.13"]
[WhiteClock "0:00:33"]
[BlackClock "0:01:35"]

1. e4 Nf6 2. e5 Nd5 3. c4 Nb6 4. d4 d6 5. exd6 exd6 6. Nc3 Be7 7. Be2 O-O 8. Be3 Nc6 9. b3 Bf6 10. Rc1 Re8 11. Nf3 Bg4 12. O-O d5 13. c5 Nc8 14. h3 Bh5 15. a3 h6 16. b4 a6 17. Rb1 N8e7 18. a4 Nf5 19. g4 Nxe3 20. fxe3 Bg6 21. Qd2 Bxb1 22. Rxb1 Bg5 23. Nd1 Qe7 24. Rb3 Rf8 25. Kg2 f5 26. b5 axb5 27. axb5 fxg4 28. Nxg5 Na5 29. Ra3 Qxg5 30. Rxa5 gxh3+ 31. Kxh3 Rxa5 32. Qxa5 Qf5+ 33. Kg3 Qg6+ 34. Kh2 Qc2 35. Qe1 Ra8 36. Kg3 Ra2 37. Nc3 Ra3 38. Nxd5 Qg6+ 39. Kh2 Qe4 40. Bc4 Qc2+ 41. Qe2 Qc1 42. Nf4+ Kh8 43. Ng6+ Kh7 44. Nf8+ Kh8 45. Ng6+ Kh7 46. Nf8+ Kh8 47. Ng6+ 1/2-1/2


[Site "https://www.chess.com"]

[Event "Titled Tuesday Blitz April 12 Late 2022"]
[White "Tanenbaum, Zachary"]
[Black "Khabinets, Ivan"]
[WhiteFideId "2060850"]
[BlackFideId "14115980"]
[WhiteElo "2734"]
[BlackElo "2533"]
[Result "0-1"]
[Round "07"]
[TimeControl "180+1"]
[Date "2022.04.13"]
[WhiteClock "0:00:04"]
[BlackClock "0:02:13"]

1. e4 c5 2. Nf3 d6 3. d4 cxd4 4. Nxd4 e5 5. Bb5+ Bd7 6. Bxd7+ Qxd7 7. Ne2 Nf6 8. Nbc3 Qc6 9. Ng3 Nbd7 10. O-O g6 11. Bg5 Be7 12. Re1 O-O 13. Nd5 Bd8 14. Bxf6 Nxf6 15. Nxf6+ Bxf6 16. Qd3 Rac8 17. c3 b5 18. Rad1 Rfd8 19. Nf1 Bg5 20. g3 h5 21. h4 Bh6 22. Qd5 a6 23. Qxc6 Rxc6 24. Rd5 Kf8 25. Red1 Ke7 26. Nh2 Rdc8 27. Nf3 Rb6 28. a3 Rc4 29. Re1 Ke6 30. Rd3 a5 31. Re2 b4 32. cxb4 axb4 33. a4 b3 34. a5 Rb5 35. Nd2 Rc2 36. Kf1 Rxb2 37. Rxd6+ Ke7 38. Rd3 Rxd2 39. Rdxd2 Bxd2 40. Rxd2 b2 0-1


[Site "https://www.chess.com"]

[Event "Titled Tuesday Blitz April 12 Late 2022"]
[White "Tregubov, Pavel V."]
[Black "Moroni, Luca Jr"]
[WhiteFideId "4115341"]
[BlackFideId "865834"]
[WhiteElo "2341"]
[BlackElo "2573"]
[Result "0-1"]
[Round "07"]
[TimeControl "180+1"]
[Date "2022.04.12"]
[WhiteClock "0:00:55"]
[BlackClock "0:00:14"]

1. e4 e5 2. Nf3 Nc6 3. Bb5 a6 4. Ba4 d6 5. d4 b5 6. Bb3 Nxd4 7. Nxd4 exd4 8. c3 Nf6 9. O-O Bb7 10. cxd4 Be7 11. e5 dxe5 12. dxe5 Qxd1 13. Rxd1 Nd7 14. Nc3 Nxe5 15. Bf4 f6 16. Rac1 Bd6 17. Be6 Nf3+ 18. gxf3 Bxf4 19. Rc2 Bxf3 20. Re1 Be5 21. Re3 Bb7 22. Ne2 g5 23. Ng3 Rd8 24. Re1 Kf8 25. Nf5 h5 26. h3 g4 27. Rxe5 Rd1+ 28. Kh2 Rh1+ 29. Kg3 Rxh3+ 30. Kf4 Rf3# 0-1


[Site "https://www.chess.com"]

[Event "Titled Tuesday Blitz April 12 Late 2022"]
[White "Volkov, Maksim"]
[Black "Rasulov, Vugar"]
[WhiteFideId "54123070"]
[BlackFideId "13402390"]
[WhiteElo "2081"]
[BlackElo "2560"]
[Result "0-1"]
[Round "07"]
[TimeControl "180+1"]
[Date "2022.04.12"]
[WhiteClock "0:00:05"]
[BlackClock "0:00:14"]

1. d4 d5 2. c4 e6 3. Nf3 c6 4. g3 Nf6 5. Bg2 Bb4+ 6. Bd2 Bd6 7. O-O O-O 8. Qc2 b6 9. Rc1 Bb7 10. a4 Na6 11. a5 Rc8 12. b3 c5 13. dxc5 Bxc5 14. Qb2 Ne4 15. Be1 dxc4 16. Rxc4 Nd6 17. Rc1 Ne4 18. Nc3 Qf6 19. Na4 Qxb2 20. Nxb2 b5 21. Nd3 Be7 22. Nd4 Bf6 23. e3 Bd5 24. Rab1 Bxd4 25. exd4 Nf6 26. Nc5 Nxc5 27. dxc5 Bxg2 28. Kxg2 Nd5 29. Bd2 Rfd8 30. c6 Ne7 31. Be3 Nxc6 32. a6 Nb4 33. Rxc8 Rxc8 34. Ra1 Rc6 35. Ra5 Nxa6 36. Rxb5 Rc7 37. Ra5 Nb4 38. Rxa7 Rc8 39. Rb7 Nd5 40. Bd4 f6 41. b4 e5 42. Bc5 h5 43. Kf3 f5 44. h3 Nc3 45. Ke3 Ne4 46. Bb6 Rc3+ 47. Ke2 Rc2+ 48. Kf3 Rb2 49. Ba7 g5 50. b5 g4+ 51. hxg4 hxg4+ 52. Kg2 Rb1 53. Be3 Nc3 54. b6 Ne2 55. Rb8+ Kf7 56. b7 f4 57. gxf4 exf4 58. Bxf4 Nxf4+ 59. Kg3 Nh5+ 60. Kxg4 Nf6+ 61. Kf5 Rb5+ 62. Kf4 Nd7 63. Rh8 Rxb7 64. Rh7+ Ke6 65. Kf3 Ne5+ 0-1


[Site "https://www.chess.com"]

[Event "Titled Tuesday Blitz April 12 Late 2022"]
[White "Vusatiuk, Vladimir"]
[Black "Narayanan.S.L"]
[WhiteFideId "14118610"]
[BlackFideId "5058422"]
[WhiteElo "2157"]
[BlackElo "2494"]
[Result "0-1"]
[Round "07"]
[TimeControl "180+1"]
[Date "2022.04.12"]
[WhiteClock "0:00:01"]
[BlackClock "0:02:22"]

1. d4 g6 2. c4 Bg7 3. Nc3 Nc6 4. Nf3 d6 5. e4 Bg4 6. Be3 Bxf3 7. gxf3 e5 8. d5 Nd4 9. Nb5 Nxb5 10. cxb5 Ne7 11. h4 h5 12. Bh3 O-O 13. Qd3 c6 14. bxc6 bxc6 15. dxc6 Nxc6 16. Rd1 Nd4 17. Bxd4 exd4 18. b3 Qxh4 19. Kf1 Kh7 20. Bg2 Qg5 21. Rg1 Be5 22. Ke2 Qf6 23. Rc1 Rac8 24. Bh3 Rc3 25. Qa6 d3+ 26. Kd2 Bf4+ 27. Kd1 Rxc1# 0-1


[Site "https://www.chess.com"]

[Event "Titled Tuesday Blitz April 12 Late 2022"]
[White "Wagner, Dennis"]
[Black "Hnydiuk, Aleksander"]
[WhiteFideId "24650684"]
[BlackFideId "1109057"]
[WhiteElo "2355"]
[BlackElo "2374"]
[Result "1-0"]
[Round "07"]
[TimeControl "180+1"]
[Date "2022.04.12"]
[WhiteClock "0:01:41"]
[BlackClock "0:00:06"]

1. d4 Nf6 2. Nf3 e6 3. c4 d5 4. g3 Be7 5. Bg2 O-O 6. O-O c6 7. Qc2 b6 8. Bf4 Nh5 9. Bd2 Nf6 10. b3 Nbd7 11. Rd1 Ba6 12. a4 Rc8 13. Na3 c5 14. Nb5 cxd4 15. Nfxd4 e5 16. Nf5 dxc4 17. Nxa7 cxb3 18. Nxe7+ Qxe7 19. Nxc8 Rxc8 20. Qxb3 Bxe2 21. Re1 Bc4 22. Qb2 Qe6 23. Rac1 Re8 24. Bc3 e4 25. Bd4 Bd3 26. Rc3 Qd6 27. Rb3 Nc5 28. Rxb6 Nxa4 29. Rxd6 Nxb2 30. Bxb2 1-0


[Site "https://www.chess.com"]

[Event "Titled Tuesday Blitz April 12 Late 2022"]
[White "Ward, Ieuan C"]
[Black "Ozdemir, Serhan Berat"]
[WhiteFideId "406627"]
[BlackFideId "6374611"]
[WhiteElo "2294"]
[BlackElo "1920"]
[Result "0-1"]
[Round "07"]
[TimeControl "180+1"]
[Date "2022.04.13"]
[WhiteClock "0:01:36"]
[BlackClock "0:01:33"]

1. e4 c5 2. Nf3 e6 3. d4 cxd4 4. c3 a6 5. cxd4 Nf6 6. Nc3 b5 7. a3 Bb7 8. Bd3 b4 9. axb4 Bxb4 10. Qe2 d5 11. e5 Ne4 12. Bd2 Nxd2 13. Qxd2 Nc6 14. O-O O-O 15. Qf4 a5 16. Rfd1 Ba6 17. Bc2 h6 18. g4 f6 19. exf6 Qxf6 20. Qxf6 Rxf6 21. Ne5 Nxe5 22. dxe5 Rf4 23. h3 Raf8 24. Rd2 d4 0-1


[Site "https://www.chess.com"]

[Event "Titled Tuesday Blitz April 12 Late 2022"]
[White "Winkels, Marcel"]
[Black "Putri, Regita Desyari"]
[WhiteFideId "1003887"]
[BlackFideId "7109083"]
[WhiteElo "1900"]
[BlackElo "1930"]
[Result "0-1"]
[Round "07"]
[TimeControl "180+1"]
[Date "2022.04.13"]
[WhiteClock "0:00:12"]
[BlackClock "0:00:17"]

1. e4 e5 2. Nf3 Nc6 3. Bc4 Bc5 4. c3 Nf6 5. d4 exd4 6. cxd4 Bb4+ 7. Nbd2 Nxe4 8. d5 Ne7 9. Qc2 Nxd2 10. Bxd2 Bxd2+ 11. Nxd2 O-O 12. O-O-O d6 13. h4 Bf5 14. Qc3 a6 15. f3 b5 16. Bb3 c5 17. g4 Bd7 18. Bc2 c4 19. Ne4 Qb6 20. Ng5 f5 21. Ne6 Bxe6 22. dxe6 f4 23. h5 h6 24. g5 hxg5 25. h6 Qe3+ 26. Qxe3 fxe3 27. hxg7 Kxg7 28. Rxd6 Rad8 29. Rh7+ Kf6 30. Rxd8 Rxd8 31. Rh6+ Ke5 32. Bd1 Rd6 33. Rh5 Kf4 34. Rh6 Kf5 35. Bc2+ Ke5 36. Bd1 Rxe6 37. Rh5 Kf4 38. Be2 Nf5 39. Rh2 Nd4 40. Kd1 Nxf3 41. Rh1 g4 0-1


[Site "https://www.chess.com"]

[Event "Titled Tuesday Blitz April 12 Late 2022"]
[White "Xiong, Jeffery"]
[Black "Alekseenko, Kirill"]
[WhiteFideId "2047640"]
[BlackFideId "4135539"]
[WhiteElo "2727"]
[BlackElo "2682"]
[Result "1/2-1/2"]
[Round "07"]
[TimeControl "180+1"]
[Date "2022.04.12"]
[WhiteClock "0:00:57"]
[BlackClock "0:00:42"]

1. e4 e5 2. Nf3 Nc6 3. Nc3 Nf6 4. d4 exd4 5. Nxd4 Bb4 6. Nxc6 bxc6 7. Bd3 O-O 8. O-O d5 9. exd5 cxd5 10. h3 c6 11. Qf3 Re8 12. Bf4 Bd6 13. Ne2 Rb8 14. b3 Be6 15. Rfd1 Bxf4 16. Nxf4 Qd7 17. c4 d4 18. c5 Rbd8 19. Nxe6 Qxe6 20. Bc4 Qe4 21. Qg3 Qe5 22. Qxe5 Rxe5 23. Re1 Rxc5 24. Re7 Rd7 25. Rxd7 Nxd7 26. Rd1 Nb6 27. Rxd4 g6 28. g4 Kg7 29. Bd3 Rc1+ 30. Bf1 c5 31. Rd2 c4 32. bxc4 Nxc4 33. Rd7 Ne5 34. Rxa7 Nf3+ 35. Kg2 Nh4+ 36. Kg1 Nf3+ 37. Kg2 Nh4+ 38. Kg1 Nf3+ 1/2-1/2


[Site "https://www.chess.com"]

[Event "Titled Tuesday Blitz April 12 Late 2022"]
[White "Yedidia, Daniel"]
[Black "Olcayoz, Alper"]
[WhiteFideId "30905907"]
[BlackFideId "6300405"]
[WhiteElo "2601"]
[BlackElo "2398"]
[Result "1-0"]
[Round "07"]
[TimeControl "180+1"]
[Date "2022.04.13"]
[WhiteClock "0:00:13"]
[BlackClock "0:00:01"]

1. d4 Nf6 2. c4 e5 3. d5 Bc5 4. Nc3 d6 5. h3 a6 6. e4 h6 7. Bd3 Nbd7 8. Nge2 Nf8 9. O-O Ng6 10. a3 Nh5 11. b4 Ba7 12. Kh2 Qh4 13. Be3 Ngf4 14. Ng1 Nxd3 15. Qxd3 Nf4 16. Qd2 Qf6 17. g3 Nh5 18. c5 g5 19. Rac1 Nf4 20. cxd6 cxd6 21. Bxa7 Rxa7 22. Qe3 Ra8 23. gxf4 gxf4 24. Qf3 h5 25. Nge2 Bg4 26. Qd3 f3 27. Qe3 fxe2 28. Nxe2 Bxe2 29. Qxe2 Qf4+ 30. Kh1 Rg8 31. Rg1 Rxg1+ 32. Rxg1 Ke7 33. Rg3 Rc8 34. Qe3 Rc1+ 35. Kg2 Qxe3 36. Rxe3 h4 37. Kf3 Rg1 38. Rc3 Kd7 39. Rb3 Rg5 40. a4 f5 41. exf5 Rxf5+ 42. Kg4 Rf4+ 43. Kg5 b5 44. axb5 axb5 45. f3 Ke7 46. Rb1 Rxf3 47. Kxh4 Rf4+ 48. Kg5 Rf2 49. Rg1 e4 50. h4 e3 51. h5 e2 52. Re1 Rg2+ 53. Kh4 Kf6 54. Kh3 Rf2 55. Kg3 Rf5 56. Rxe2 Rxd5 57. Rh2 Kg7 58. Rh4 Kh6 59. Kf3 Rd3+ 60. Ke4 Rc3 61. Kd5 Rd3+ 62. Kc6 1-0


[Site "https://www.chess.com"]